 Dungeon Crawl Stone Soup version 0.18.1-48-g4cf74bf (webtiles) character file.

236 Gargoyl the Skirmisher (level 5, -3/42 HPs)
             Began as a Demonspawn Abyssal Knight on June 27, 2016.
             Was a Believer of Lugonu.
             Hit by a tomahawk thrown by an orc (4 damage)
             ... on level 4 of the Dungeon.
             The game lasted 00:05:50 (3454 turns).

Gargoyl the Skirmisher (Demonspawn Abyssal Knight)  Turns: 3454, Time: 00:05:51

Health: -3/42      AC:  5    Str: 14    XL:     5   Next: 77%
Magic:  7/7        EV:  8    Int: 13    God:    Lugonu [**....]
Gold:   153        SH:  0    Dex: 12    Spells: 0 memorised, 4 levels left

rFire  . . .     SeeInvis .     h - +4 hand axe
rCold  . . .     Gourm    .     e - +0 ring mail (curse)
rNeg   . . .     Faith    .     f - +2 shield
rPois  .         Spirit   .     (helmet restricted)
rElec  .         Dismiss  .     (no cloak)
rCorr  .         Reflect  .     (no gloves)
SustAt .         Harm     .     (no boots)
MR     .....                    (no amulet)
Stlth  ..........               (no ring)
                                (no ring)

@: confused, flying, not resistant to hostile enchantments, extremely unstealthy
A: antennae 1
a: Depart the Abyss, Bend Space, Renounce Religion


You were on level 4 of the Dungeon.
You worshipped Lugonu.
Lugonu was pleased with you.
You were hungry.

You visited 1 branch of the dungeon, and saw 4 of its levels.
You visited the Abyss 1 time.

You collected 153 gold pieces.

Inventory:

Hand Weapons
 h - a +4 hand axe (weapon)
Armour
 e - a cursed +0 ring mail (worn)
 f - a +2 shield (worn)
Scrolls
 d - 3 scrolls of identify
 i - a scroll of fear {unknown}
 j - a scroll of remove curse {unknown}
Comestibles
 a - a royal jelly
 c - 4 bread rations
 g - 2 meat rations
 k - 3 chunks of flesh


   Skills:
 + Level 3.9 Fighting
 + Level 2.2 Axes
 * Level 3.9 Armour
 + Level 2.4 Dodging
 + Level 0.5 Shields
 + Level 2.7 Invocations


You had 4 spell levels left.
You didn't know any spells.

Dungeon Overview and Level Annotations

Branches:
Dungeon (4/15)
 Temple: D:4-7

Altars:
Kikubaaqudgha
Makhleb
Xom
Yredelemnul
Zin


Innate Abilities, Weirdness & Mutations

You have a pair of small antennae on your head.


Message History

Something hits you but does no damage.
A magic dart appears from out of thin air!
The magic dart hits you!
* * * LOW HITPOINT WARNING * * *
The orc throws a tomahawk.
The tomahawk hits you.
* * * LOW HITPOINT WARNING * * *
You see here a tomahawk.
Unknown command.
You slash something! Lugonu accepts your kill.
Reactivating autopickup.
You feel a bit more experienced.
You hit the orc wizard but do no damage.
The orc wizard is severely wounded.
The orc wizard hits you but does no damage.
Something hits you.
* * * LOW HITPOINT WARNING * * *
Deactivating autopickup; reactivate with Ctrl-A.
The orc throws a tomahawk.
The tomahawk hits you.
You die...

.o ##.##
#...#
##♣...♣##
#.......#
#.<.♣.<.#
#..†....#
##♣o{o♣##
#.)@#
#####


You could see an orc wizard and an orc.

Vanquished Creatures
  A crimson imp (D:3)
  A hound (D:4)
  An orc wizard (D:4)
  A worker ant (D:4)
  4 adders
  An ooze (D:2)
  A worm (D:3)
  2 dart slugs
  5 giant geckos
  An orc (D:3)
  2 bat zombies (D:3)
  3 giant cockroaches
  12 goblins
  6 hobgoblins
  7 kobolds
  2 quokkas
  12 bats
  3 giant newts
  6 rats
  2 rat zombies (D:3)
73 creatures vanquished.

Notes
Turn   | Place    | Note
--------------------------------------------------------------
     0 | Abyss:1  | Gargoyl the Demonspawn Abyssal Knight began the quest for the Orb.
     0 | Abyss:1  | Reached XP level 1. HP: 18/18 MP: 2/2
   108 | Abyss:1  | Noticed an ancient zyme
   120 | Abyss:1  | Noticed a bone dragon
   126 | D:1      | Escaped the Abyss
   534 | D:1      | Reached * piety under Lugonu
   546 | D:1      | Gained mutation: You have a pair of small antennae on your head. [demonic ancestry]
   546 | D:1      | Reached XP level 2. HP: 13/24 MP: 3/3
   825 | D:1      | Reached skill level 1 in Dodging
  1352 | D:1      | Reached XP level 3. HP: 19/29 MP: 5/5
  1569 | D:2      | Found a glowing silver altar of Zin.
  1908 | D:2      | Found a basalt altar of Yredelemnul.
  1934 | D:2      | Reached XP level 4. HP: 32/35 MP: 6/6
  2036 | D:2      | Reached ** piety under Lugonu
  2410 | D:3      | Found a shimmering altar of Xom.
  2411 | D:3      | Found a burning altar of Makhleb.
  2415 | D:3      | Paralysed by a crimson imp for 4 turns
  2736 | D:3      | Reached XP level 5. HP: 30/42 MP: 7/7
  3173 | D:3      | Found an ancient bone altar of Kikubaaqudgha.
  3453 | D:4      | HP: 2/42 [orc/tomahawk (1)]
  3454 | D:4      | Hit by a tomahawk thrown by an orc

Skill      XL: |  1  2  3  4 |
---------------+-------------+-----
Armour         | 2 3 |  3.9
Dodging        | 1 2 |  2.4
Axes           | 2 |  2.2
Fighting       | |  3.9
Shields        | |  0.5
Invocations    | |  2.7

Action                   |  1- 3 |  4- 6 || total
-------------------------+-------+-------++-------
Melee: Hand axe          |   118 |   107 ||   225
Invok: Depart the Abyss  |     1 |       ||     1
  Use: Scroll            |     3 |       ||     3
       Potion            |       |     1 ||     1
  Eat: Chunk             |     4 |     4 ||     8
Armor: Ring mail         |    76 |    66 ||   142
Dodge: Dodged            |    96 |    49 ||   145
Block: Shield            |     1 |    55 ||    56
